3R
BOMPTON BABY LAKERS @ CANONNIERS DE QUEBEC
09/02/2041
 
TOP OF THE 1ST
Bompton Baby Lakers batting - Pitching for Canonniers de Quebec : RHP Miguel González
Pitching: RHP Miguel González
Batting: LHB Reginald James 0-0: Ball
1-0: Swinging Strike
1-1: Called Strike
1-2: Ball
2-2: Foul Ball, location: 2F
2-2: Ball
3-2: Strikes out swinging, 2-3 out at first.
Batting: RHB Keaton Sturge 0-0: Called Strike
0-1: Ball
1-1: Ball
2-1: Ball
3-1: Called Strike
3-2: DOUBLE (Flyball, 8RXD, EV 105.0 MPH)
Batting: RHB Jochen Nelis 0-0: Ball
1-0: Called Strike
1-1: Reached on error, E5 (Groundball, 5, EV 83.1 MPH)
Keaton Sturge scores
Batting: LHB Elijah Scott 0-0: Called Strike
0-1: Called Strike
0-2: Strikes out swinging
Batting: RHB Jason Wilson 0-0: SINGLE (Groundball, 5D, EV 101.2 MPH)
Jochen Nelis to third
Runner from 3rd tries for Home, SAFE, no throw by LF
Batting: LHB Leonardo Valdéz 0-0: Called Strike
0-1: Ball
1-1: Ball
2-1: Called Strike
2-2: Fly out, F6 (Popup, 6, EV 77.5 MPH)
Top of the 1st over - 2 runs, 2 hits, 1 error, 1 left on base; Bompton 2 - Canonniers de Quebec 0
BOTTOM OF THE 1ST
Canonniers de Quebec batting - Pitching for Bompton Baby Lakers : LHP Guo-ning Wang
Pitching: LHP Guo-ning Wang
Batting: RHB Nick West 0-0: Foul Ball, location: 2F
0-1: Ball
1-1: Ball
2-1: Foul Ball, location: 2F
2-2: Ball
3-2: Foul Ball, location: 2F
3-2: SINGLE (Flyball, 9LS, EV 91.2 MPH)
Batting: RHB Rich Robinson 0-0: DOUBLE (Flyball, 78D, EV 104.4 MPH)
Nick West to third
Batting: SHB Ed Reese 0-0: Ball
1-0: Foul Ball, location: 2F
1-1: Foul Ball, location: 2F
1-2: SINGLE (Line Drive, 9LM, EV 97.5 MPH)
Nick West scores
Rich Robinson to third
Batting: LHB Juan Romero 0-0: Ball
Ed Reese is caught stealing 2nd base 2-6
1-0: Ball
Wild Pitch!
Rich Robinson scores
2-0: Ball
3-0: Base on Balls
Batting: RHB Arthur Hall 0-0: Foul Ball, location: 2F
0-1: Foul Ball, location: 2F
0-2: Ball
1-2: SINGLE (Line Drive, 4MD, EV 104.4 MPH)
Juan Romero to second
Batting: LHB Abdul-Alim Nadeem 0-0: Called Strike
0-1: Ball
1-1: SINGLE (Line Drive, 78M, EV 88.1 MPH)
Juan Romero to third
Arthur Hall to second
Runner from 3rd tries for Home, SAFE, throw by CF to home
Batting: RHB Juan Cortéz 0-0: Called Strike
0-1: Called Strike
0-2: SINGLE (Groundball, 56D, EV 104.4 MPH)
Arthur Hall to third
Abdul-Alim Nadeem to second
Runner from 3rd tries for Home, SAFE, no throw by LF
Batting: RHB Gael Kerwin 0-0: Ball
1-0: Foul Ball, location: 2F
1-1: Swinging Strike
1-2: Ball
2-2: DOUBLE (Groundball, 5L, EV 103.8 MPH)
Abdul-Alim Nadeem scores
Juan Cortéz to third
Batting: RHB Manny Costello 0-0: Ball
1-0: Called Strike
1-1: Ground out 3-1 (Groundball, 34, EV 90.0 MPH)
Juan Cortéz scores
Gael Kerwin to third
Pitching: RHP Noah Birkbeck
Batting: RHB Nick West 0-0: Called Strike
0-1: SINGLE (Line Drive, 78S, EV 96.9 MPH)
Gael Kerwin scores
Batting: RHB Rich Robinson 0-0: Ball
1-0: Ball
2-0: Fly out, F8 (Flyball, 8RXD, EV 101.2 MPH)
Bottom of the 1st over - 7 runs, 8 hits, 0 errors, 1 left on base; Bompton 2 - Canonniers de Quebec 7
TOP OF THE 2ND
Bompton Baby Lakers batting - Pitching for Canonniers de Quebec : RHP Miguel González
Batting: RHB David Taylor 0-0: Called Strike
0-1: Foul Ball, location: 2F
0-2: Hit by Pitch
Batting: RHB Tim Rowland 0-0: Ball
1-0: Ball
Wild Pitch!
David Taylor to second
2-0: Ball
3-0: Called Strike
3-1: Foul Ball, location: 2F
3-2: Foul Ball, location: 2F
3-2: Foul Ball, location: 2F
3-2: Base on Balls
Batting: RHB Kobbe Elders 0-0: Ball
1-0: Swinging Strike
1-1: Fielders Choice at 2nd, 3-6 (Groundball, 3S, EV 86.9 MPH)
David Taylor to third
Batting: LHB Reginald James 0-0: Called Strike
0-1: Ball
1-1: Ball
2-1: Foul Ball, location: 2F
2-2: Foul Ball, location: 2F
2-2: Foul Ball, location: 2F
2-2: Ball
3-2: SINGLE (Line Drive, 6D, EV 100.6 MPH)
David Taylor scores
Kobbe Elders to second
Kobbe Elders to third
Batting: RHB Keaton Sturge 0-0: Fly out, F8 (Flyball, 8RD, EV 90.0 MPH)
Runner from 3rd tags up, SCORES, throw by CF
Batting: RHB Jochen Nelis 0-0: Ball
1-0: Called Strike
1-1: Ball
2-1: Called Strike
2-2: Foul Ball, location: 2F
2-2: Ball
3-2: Ground out 4-3 (Groundball, 4, EV 90.0 MPH)
Top of the 2nd over - 2 runs, 1 hit, 0 errors, 1 left on base; Bompton 4 - Canonniers de Quebec 7
BOTTOM OF THE 2ND
Canonniers de Quebec batting - Pitching for Bompton Baby Lakers : RHP Noah Birkbeck
Batting: SHB Ed Reese 0-0: Called Strike
0-1: Foul Ball, location: 2F
0-2: Ball
1-2: Ball
2-2: Foul Ball, location: 2F
2-2: Strikes out swinging
Batting: LHB Juan Romero 0-0: Foul Ball, location: 2F
0-1: Foul Ball, location: 2F
0-2: Strikes out swinging
Batting: RHB Arthur Hall 0-0: Ball
1-0: Ball
2-0: Ball
3-0: Called Strike
3-1: Foul Ball, location: 2F
3-2: Foul Ball, location: 2F
3-2: Foul Ball, location: 2F
3-2: Strikes out swinging
Bottom of the 2nd over - 0 runs, 0 hits, 0 errors, 0 left on base; Bompton 4 - Canonniers de Quebec 7
TOP OF THE 3RD
Bompton Baby Lakers batting - Pitching for Canonniers de Quebec : RHP Miguel González
Batting: LHB Elijah Scott 0-0: Foul Ball, location: 2F
0-1: Ball
1-1: Ball
2-1: SINGLE (Groundball, 34D, EV 107.5 MPH)
Batting: RHB Jason Wilson 0-0: Foul Ball, location: 2F
0-1: Ball
1-1: Ball
2-1: Swinging Strike
2-2: Ball
3-2: Base on Balls
Elijah Scott to second
Batting: LHB Leonardo Valdéz 0-0: Ball
1-0: Fly out, F8 (Flyball, 8LM, EV 93.8 MPH)
Batting: RHB David Taylor 0-0: Fly out, F4 (Popup, 23, EV 86.2 MPH)
Batting: RHB Tim Rowland 0-0: Called Strike
0-1: Called Strike
0-2: Ball
1-2: Ball
2-2: Ball
3-2: Strikes out swinging
Top of the 3rd over - 0 runs, 1 hit, 0 errors, 2 left on base; Bompton 4 - Canonniers de Quebec 7
BOTTOM OF THE 3RD
Canonniers de Quebec batting - Pitching for Bompton Baby Lakers : RHP Noah Birkbeck
Batting: LHB Abdul-Alim Nadeem 0-0: Ball
1-0: Swinging Strike
1-1: Ball
2-1: Called Strike
2-2: Strikes out swinging
Pitching: LHP Pat Pierce
Batting: RHB Juan Cortéz 0-0: Ball
1-0: Fly out, F8 (Flyball, 8RD, EV 86.2 MPH)
Batting: RHB Gael Kerwin 0-0: Called Strike
0-1: Ball
1-1: Called Strike
1-2: Strikes out swinging
Bottom of the 3rd over - 0 runs, 0 hits, 0 errors, 0 left on base; Bompton 4 - Canonniers de Quebec 7
TOP OF THE 4TH
Bompton Baby Lakers batting - Pitching for Canonniers de Quebec : RHP Miguel González
Batting: RHB Kobbe Elders 0-0: Swinging Strike
0-1: Foul Ball, location: 2F
0-2: Ball
1-2: Strikes out looking
Batting: LHB Reginald James 0-0: Called Strike
0-1: Ball
1-1: Foul Ball, location: 2F
1-2: Strikes out swinging
Batting: RHB Keaton Sturge 0-0: Fly out, F9 (Flyball, 9LSF, EV 91.2 MPH)
Top of the 4th over - 0 runs, 0 hits, 0 errors, 0 left on base; Bompton 4 - Canonniers de Quebec 7
BOTTOM OF THE 4TH
Canonniers de Quebec batting - Pitching for Bompton Baby Lakers : LHP Pat Pierce
Batting: RHB Manny Costello 0-0: Called Strike
0-1: Swinging Strike
0-2: Foul Ball, location: 2F
0-2: Ball
1-2: Strikes out swinging
Batting: RHB Nick West 0-0: Foul Ball, location: 2F
0-1: Foul Ball, location: 2F
0-2: Ball
1-2: Fly out, F8 (Flyball, 8LS, EV 97.5 MPH)
Batting: RHB Rich Robinson 0-0: Foul Ball, location: 2F
0-1: Ball
1-1: SINGLE (Groundball, 4, EV 80.0 MPH) (infield hit)
Batting: SHB Ed Reese 0-0: Ball
1-0: Ball
Wild Pitch!
Rich Robinson to second
2-0: Ball
3-0: Called Strike
3-1: Fly out, F9 (Line Drive, 9, EV 93.8 MPH)
Bottom of the 4th over - 0 runs, 1 hit, 0 errors, 1 left on base; Bompton 4 - Canonniers de Quebec 7
TOP OF THE 5TH
Bompton Baby Lakers batting - Pitching for Canonniers de Quebec : RHP Miguel González
Batting: RHB Jochen Nelis 0-0: Ball
1-0: Ball
2-0: Called Strike
2-1: Ball
3-1: Fly out, F3 (Line Drive, 3, EV 69.4 MPH)
Batting: LHB Elijah Scott 0-0: Called Strike
0-1: Foul Ball, location: 2F
0-2: Strikes out swinging
Batting: RHB Jason Wilson 0-0: Ball
1-0: Foul Ball, location: 2F
1-1: Ball
2-1: SINGLE (Groundball, 56D, EV 94.4 MPH)
Batting: LHB Leonardo Valdéz 0-0: Swinging Strike
0-1: Foul Ball, location: 2F
0-2: Hit by Pitch
Jason Wilson to second
Batting: RHB David Taylor 0-0: Called Strike
0-1: Foul Ball, location: 2F
0-2: Fly out, F7 (Flyball, 7D, EV 106.9 MPH)
Top of the 5th over - 0 runs, 1 hit, 0 errors, 2 left on base; Bompton 4 - Canonniers de Quebec 7
BOTTOM OF THE 5TH
Canonniers de Quebec batting - Pitching for Bompton Baby Lakers : LHP Pat Pierce
Batting: LHB Juan Romero 0-0: Ball
1-0: Foul Ball, location: 2F
1-1: Called Strike
1-2: Ball
2-2: Strikes out looking
Batting: RHB Arthur Hall 0-0: Ball
1-0: Called Strike
1-1: Swinging Strike
1-2: SINGLE (Line Drive, 9LS, EV 102.5 MPH)
Batting: LHB Abdul-Alim Nadeem 0-0: Called Strike
0-1: Ball
1-1: Ball
2-1: Foul Ball, location: 2F
2-2: Ball
3-2: Strikes out looking
Arthur Hall is caught stealing 2nd base 2-6
Batter strikes out.
Bottom of the 5th over - 0 runs, 1 hit, 0 errors, 0 left on base; Bompton 4 - Canonniers de Quebec 7
TOP OF THE 6TH
Bompton Baby Lakers batting - Pitching for Canonniers de Quebec : RHP Miguel González
Batting: RHB Tim Rowland 0-0: Swinging Strike
0-1: Fly out, F7 (Flyball, 78D, EV 88.8 MPH)
Batting: RHB Kobbe Elders 0-0: Ball
1-0: SINGLE (Groundball, 6D, EV 101.2 MPH)
Batting: LHB Reginald James 0-0: Ball
1-0: Foul Ball, location: 2F
1-1: Called Strike
1-2: Ball
2-2: Strikes out swinging
Pitching: RHP Colby Graham
Batting: RHB Keaton Sturge 0-0: Ball
1-0: Called Strike
1-1: Ball
2-1: Foul Ball, location: 2F
2-2: Foul Ball, location: 2F
2-2: Strikes out swinging
Top of the 6th over - 0 runs, 1 hit, 0 errors, 1 left on base; Bompton 4 - Canonniers de Quebec 7
BOTTOM OF THE 6TH
Canonniers de Quebec batting - Pitching for Bompton Baby Lakers : LHP Pat Pierce
Batting: RHB Juan Cortéz 0-0: Called Strike
0-1: Ball
1-1: Swinging Strike
1-2: Strikes out swinging
Batting: RHB Gael Kerwin 0-0: Called Strike
0-1: Swinging Strike
0-2: Strikes out swinging
Batting: RHB Manny Costello 0-0: Foul Ball, location: 2F
0-1: Ball
1-1: Fly out, F8 (Flyball, 78M, EV 82.5 MPH)
Bottom of the 6th over - 0 runs, 0 hits, 0 errors, 0 left on base; Bompton 4 - Canonniers de Quebec 7
TOP OF THE 7TH
Bompton Baby Lakers batting - Pitching for Canonniers de Quebec : RHP Colby Graham
Batting: RHB Jochen Nelis 0-0: Called Strike
0-1: Called Strike
0-2: Ball
1-2: Strikes out swinging, 2-3 out at first.
Batting: LHB Elijah Scott 0-0: Ball
1-0: Fly out, F8 (Flyball, 78D, EV 103.1 MPH)
Batting: RHB Jason Wilson 0-0: Called Strike
0-1: Called Strike
0-2: Strikes out swinging
Top of the 7th over - 0 runs, 0 hits, 0 errors, 0 left on base; Bompton 4 - Canonniers de Quebec 7
BOTTOM OF THE 7TH
Canonniers de Quebec batting - Pitching for Bompton Baby Lakers : LHP Pat Pierce
Batting: RHB Nick West 0-0: Foul Ball, location: 2F
0-1: Called Strike
0-2: Foul Ball, location: 2F
0-2: Ball
1-2: Ball
2-2: Ball
3-2: Fly out, F7 (Flyball, 7LM, EV 88.1 MPH)
Batting: RHB Rich Robinson 0-0: Ball
1-0: Called Strike
1-1: Foul Ball, location: 2F
1-2: Ball
2-2: Strikes out swinging
Batting: SHB Ed Reese 0-0: Foul Ball, location: 2F
0-1: Ball
1-1: Ball
2-1: Foul Ball, location: 2F
2-2: Ball
3-2: Base on Balls
Pitching: LHP Rick Baker
Batting: LHB Juan Romero 0-0: Called Strike
Ed Reese steals 2nd base (no throw)
0-1: Fly out, F9 (Flyball, 9LS, EV 87.5 MPH)
Bottom of the 7th over - 0 runs, 0 hits, 0 errors, 1 left on base; Bompton 4 - Canonniers de Quebec 7
TOP OF THE 8TH
Bompton Baby Lakers batting - Pitching for Canonniers de Quebec : RHP Colby Graham
Batting: LHB Leonardo Valdéz 0-0: SINGLE (Groundball, 4MD, EV 100.6 MPH)
Batting: RHB David Taylor 0-0: Ball
1-0: Called Strike
1-1: Foul Ball, location: 2F
1-2: Ball
2-2: Foul Ball, location: 2F
2-2: Ball
3-2: Foul Ball, location: 2F
3-2: Reached on error, E6 (Groundball, 6, EV 85.0 MPH)
Leonardo Valdéz to second
Batting: RHB Tim Rowland 0-0: Fly out, F7 (Flyball, 7, EV 78.8 MPH)
Runner from 2nd tags up, SAFE at 3rd with throw by LF
Batting: RHB Kobbe Elders 0-0: Ball
1-0: Called Strike
1-1: Ball
2-1: Ball
3-1: Called Strike
3-2: Base on Balls
David Taylor to second
Pitching: RHP Tony Rodríguez
Batting: LHB Reginald James 0-0: Ball
1-0: Foul Ball, location: 2F
1-1: Foul Ball, location: 2F
1-2: Ball
2-2: SINGLE (Groundball, 6M, EV 95.0 MPH)
Leonardo Valdéz scores
David Taylor to third
Kobbe Elders to second
Batting: RHB Keaton Sturge 0-0: Foul Ball, location: 2F
0-1: Ball
1-1: Ball
2-1: Ball
3-1: Grounds into fielders choice 5-2 (Groundball, 5, EV 98.8 MPH)
Kobbe Elders to third
Reginald James to second
Batting: RHB Jochen Nelis 0-0: Called Strike
0-1: Called Strike
0-2: Foul Ball, location: 2F
0-2: Ball
1-2: SINGLE (Groundball, 4D, EV 103.1 MPH)
Kobbe Elders scores
Reginald James to third
Keaton Sturge to second
Runner from 3rd tries for Home, SAFE, throw by RF to home
Batting: LHB Elijah Scott 0-0: Ball
1-0: Ball
2-0: Foul Ball, location: 2F
2-1: Ball
3-1: Base on Balls
Keaton Sturge to third
Jochen Nelis to second
Batting: RHB Jason Wilson 0-0: Called Strike
0-1: Ground out 5-3 (Groundball, 56S, EV 75.6 MPH)
Top of the 8th over - 3 runs, 3 hits, 1 error, 3 left on base; Bompton 7 - Canonniers de Quebec 7
BOTTOM OF THE 8TH
Canonniers de Quebec batting - Pitching for Bompton Baby Lakers : LHP Rick Baker
Batting: RHB Arthur Hall 0-0: Ball
1-0: Foul Ball, location: 2F
1-1: Swinging Strike
1-2: Ball
2-2: Strikes out swinging
Batting: LHB Abdul-Alim Nadeem 0-0: Ball
1-0: Ball
2-0: Called Strike
2-1: Foul Ball, location: 2F
2-2: Foul Ball, location: 2F
2-2: Foul Ball, location: 2F
2-2: Strikes out swinging
Batting: RHB Juan Cortéz 0-0: Called Strike
0-1: Fly out, F9 (Flyball, 89S, EV 88.1 MPH)
Bottom of the 8th over - 0 runs, 0 hits, 0 errors, 0 left on base; Bompton 7 - Canonniers de Quebec 7
TOP OF THE 9TH
Bompton Baby Lakers batting - Pitching for Canonniers de Quebec : RHP Tony Rodríguez
Batting: LHB Leonardo Valdéz 0-0: Called Strike
0-1: Ball
1-1: Ball
2-1: Ball
3-1: Called Strike
3-2: Strikes out swinging
Batting: RHB David Taylor 0-0: Swinging Strike
0-1: Ball
1-1: Ball
2-1: Foul Ball, location: 2F
2-2: Strikes out swinging, 2-3 out at first.
Batting: RHB Tim Rowland 0-0: Foul Ball, location: 2F
0-1: Ball
1-1: Reached on error, E6 (Groundball, 6, EV 89.4 MPH)
Batting: RHB Kobbe Elders 0-0: Ball
1-0: Ball
2-0: Ball
3-0: Called Strike
3-1: Foul Ball, location: 2F
3-2: Strikes out swinging
Top of the 9th over - 0 runs, 0 hits, 1 error, 1 left on base; Bompton 7 - Canonniers de Quebec 7
BOTTOM OF THE 9TH
Canonniers de Quebec batting - Pitching for Bompton Baby Lakers : LHP Rick Baker
Batting: RHB Gael Kerwin 0-0: Ball
1-0: Ball
2-0: Called Strike
2-1: Called Strike
2-2: Strikes out swinging
Batting: RHB Manny Costello 0-0: Called Strike
0-1: Called Strike
0-2: Strikes out looking
Batting: RHB Nick West 0-0: Ball
1-0: Called Strike
1-1: Fly out, F5 (Line Drive, 5, EV 68.8 MPH)
Bottom of the 9th over - 0 runs, 0 hits, 0 errors, 0 left on base; Bompton 7 - Canonniers de Quebec 7
TOP OF THE 10TH
Bompton Baby Lakers batting - Pitching for Canonniers de Quebec : RHP Tony Rodríguez
Pitching: LHP François L'Écuyer
Batting: LHB Reginald James 0-0: Called Strike
0-1: Ball
1-1: Ball
2-1: Ball
3-1: Called Strike
3-2: Strikes out looking
Batting: RHB Keaton Sturge 0-0: Swinging Strike
0-1: Foul Ball, location: 2F
0-2: Ball
1-2: Strikes out swinging
Batting: RHB Jochen Nelis 0-0: Ball
1-0: Swinging Strike
1-1: Foul Ball, location: 2F
1-2: Ball
2-2: Ball
3-2: Strikes out swinging
Top of the 10th over - 0 runs, 0 hits, 0 errors, 0 left on base; Bompton 7 - Canonniers de Quebec 7
BOTTOM OF THE 10TH
Canonniers de Quebec batting - Pitching for Bompton Baby Lakers : LHP Rick Baker
Batting: RHB Rich Robinson 0-0: Called Strike
0-1: Foul Ball, location: 2F
0-2: Foul Ball, location: 2F
0-2: Ball
1-2: Strikes out swinging
Batting: SHB Ed Reese 0-0: Foul Ball, location: 2F
0-1: Ball
1-1: Swinging Strike
1-2: Strikes out looking
Batting: LHB Juan Romero 0-0: Ball
1-0: Ball
2-0: Called Strike
2-1: Fly out, F8 (Flyball, 8RS, EV 83.8 MPH)
Bottom of the 10th over - 0 runs, 0 hits, 0 errors, 0 left on base; Bompton 7 - Canonniers de Quebec 7
TOP OF THE 11TH
Bompton Baby Lakers batting - Pitching for Canonniers de Quebec : LHP François L'Écuyer
Batting: LHB Elijah Scott 0-0: Ball
1-0: Ball
2-0: Ball
3-0: Called Strike
3-1: Called Strike
3-2: Fly out, F7 (Flyball, 78D, EV 96.9 MPH)
Batting: RHB Jason Wilson 0-0: Foul Ball, location: 2F
0-1: Foul Ball, location: 2F
0-2: Strikes out swinging, 2-3 out at first.
Pinch Hitting: RHB Marvin Russell 0-0: Swinging Strike
0-1: Ball
1-1: Called Strike
1-2: SINGLE (Flyball, 9LS, EV 91.2 MPH)
Batting: RHB David Taylor 0-0: Ball
1-0: Ball
2-0: Foul Ball, location: 2F
2-1: Foul Ball, location: 2F
2-2: Ball
3-2: Fly out, F8 (Flyball, 8LXD, EV 86.2 MPH)
Top of the 11th over - 0 runs, 1 hit, 0 errors, 1 left on base; Bompton 7 - Canonniers de Quebec 7
BOTTOM OF THE 11TH
Canonniers de Quebec batting - Pitching for Bompton Baby Lakers : LHP Rick Baker
Now at 2B: Marvin Russell
Batting: RHB Arthur Hall 0-0: Foul Ball, location: 2F
0-1: DOUBLE (Line Drive, 3D, EV 95.6 MPH)
Batting: LHB Abdul-Alim Nadeem 0-0: Intentional Walk
Batting: RHB Juan Cortéz 0-0: Ball
1-0: Ball
2-0: Called Strike
2-1: Foul Ball, location: 2F
2-2: Foul Ball, location: 2F
2-2: SINGLE (Line Drive, 34D, EV 105.0 MPH)
Arthur Hall to third
Abdul-Alim Nadeem to second
Runner from 3rd tries for Home, SAFE, no throw by RF
Tuesday, January 5th, 2021 - OOTP Baseball 20.8 Build 74